 Dungeon Crawl Stone Soup version 0.24-a0-355-gbe4061de67 (webtiles) character file.

Game seed: 8890059087871544101

8034 MisterOstroum the Grappler (level 11, -2/111 HPs)
             Began as a Troll Fighter on May 24, 2019.
             Was a Believer of Okawaru.
             Slain by an unseen horror (9 damage)
             ... on level 10 of the Dungeon.
             The game lasted 00:25:18 (8287 turns).

MisterOstroum the Grappler (Troll Fighter)          Turns: 8287, Time: 00:25:18

Health: -2/111     AC:  9    Str: 29    XL:     11   Next: 4%
Magic:  10/10      EV: 10    Int:  4    God:    Okawaru [**....]
Gold:   271        SH:  0    Dex:  9    Spells: 10/10 levels left

rFire    . . .     SeeInvis .     - Unarmed
rCold    + . .     Gourm    +   (no shield)
rNeg     + . .     Faith    .   M - +2 robe {rN+}
rPois    +         Spirit   .   (helmet restricted)
rElec    .         Reflect  .   L - +0 cloak
rCorr    .         Harm     .   (gloves unavailable)
MR       .....                  (boots unavailable)
Stlth    +.........             x - amulet of regeneration
HPRegen  1.08/turn              h - ring of protection from cold
MPRegen  0.12/turn              C - ring of poison resistance

@: hasted, very quick
A: large, unfitting armour, claws 3, fast metabolism 3, gourmand, regeneration
1, shaggy fur 1, tough skin 3
a: Heroism, Renounce Religion


You were on level 10 of the Dungeon.
You worshipped Okawaru.
Okawaru was pleased with you.
You were very full.

You visited 2 branches of the dungeon, and saw 11 of its levels.

You collected 583 gold pieces.
You spent 312 gold pieces at shops.

Inventory:

Missiles
 g - 195 stones
 s - 10 poisoned darts
 v - an atropa-tipped dart
 B - 2 large rocks
 P - 15 boomerangs (quivered)
 U - 4 silver javelins
Armour
 b - a +0 shield
 L - a +0 cloak (worn)
 M - a +2 robe of positive energy (worn)
Jewellery
 h - a ring of protection from cold (left claw)
 l - an uncursed amulet of rage {unknown}
 x - an amulet of regeneration (around neck)
 C - a ring of poison resistance (right claw)
 G - an uncursed ring of ice
 T - an uncursed amulet of harm {unknown}
Wands
 c - a wand of digging (7)
 D - a wand of paralysis (15)
 E - a wand of polymorph (9)
 F - a wand of disintegration (21)
 J - a wand of iceblast (8)
Scrolls
 a - a scroll of random uselessness {unknown}
 k - a scroll of enchant weapon {unknown}
 m - 5 scrolls of teleportation {@r3 !r}
 q - a scroll of enchant armour {unknown}
 r - 2 scrolls of noise
 t - 2 scrolls of amnesia {unknown}
 u - 4 scrolls of immolation {unknown}
 y - 3 scrolls of fog {unknown}
 A - a scroll of blinking {unknown}
 K - 2 scrolls of fear {unknown}
 Q - 3 scrolls of remove curse {unknown}
 R - 2 scrolls of identify {@r1}
Potions
 d - 6 potions of curing {@q1 !q}
 f - 3 potions of flight
 i - a potion of lignification {@q6}
 j - 2 potions of haste {@q4 !q}
 o - a potion of ambrosia {unknown}
 p - 2 potions of berserk rage
 w - a potion of mutation {unknown}
 z - 2 potions of agility {unknown}
 I - 2 potions of cancellation {unknown}
 N - a potion of might {@q3 !q}
 O - a potion of magic
Miscellaneous
 n - a phantom mirror
Comestibles
 e - 16 rations
 S - 9 chunks of flesh


   Skills:
 - Level 8.2 Fighting
 - Level 8.0 Throwing
 - Level 2.4 Dodging
 + Level 5.5 Shields
 - Level 10.0 Unarmed Combat


You had 10 spell levels left.
You didn't know any spells.
Your spell library contained the following spells:

 Spells                   Type           Power        Failure   Level  Hunger
 Corona                   Hex            #......      50%         1    ##.....
 Sting                    Conj/Pois      #...         50%         1    ##.....
 Ensorcelled Hibernation  Hex/Ice        #.....       65%         2    ###....
 Poisonous Vapours        Pois/Air       #.....       65%         2    ###....
 Confuse                  Hex            #.......     86%         3    ####...
 Dazzling Spray           Conj/Hex       #.....       86%         3    ####...
 Mephitic Cloud           Conj/Pois/Air  #.......     86%         3    ####...
 Tukima's Dance           Hex            #.......     86%         3    ####...
 Olgreb's Toxic Radiance  Pois           #.......     99%         4    #####..
 Venom Bolt               Conj/Pois      #.........   100%        5    ######.


Dungeon Overview and Level Annotations

Branches:
Dungeon (10/15)            Temple (1/1) D:7             Orc (0/2) D:10
   Lair: D:8-11

Altars:
Ashenzari
Cheibriados
Dithmenos
Elyvilon
Fedhas
Gozag
Hepliaklqana
Kikubaaqudgha
Makhleb
Nemelex Xobeh
Okawaru
Qazlal
Ru
Sif Muna
Trog
Uskayaw
Vehumet
Wu Jian
Xom
Yredelemnul
Zin
The Shining One

Shops:
D:7 }

Annotations:
D:3 1 runed translucent door, Crazy Yiuf


Innate Abilities, Weirdness & Mutations

You are too large for most types of armour.
You have claws for hands.
Your metabolism is lightning-fast.
You like to eat raw meat.
Your natural rate of healing is unusually fast.
You are covered in fur. (AC +1)
You have extremely tough skin. (AC +3)


Message History

You scratch Urug.
Urug is moderately wounded.
Urug hits you with a +6 long sword!!
You closely miss Urug.
Urug is moderately wounded.
You closely miss Urug.
Urug is moderately wounded.
Urug barely misses you.
You scratch Urug.
Urug is moderately wounded.
Urug hits you with a +6 long sword!
You mangle Urug!!
Urug is severely wounded.
You claw Urug!
Urug is almost dead.
Urug hits you with a +6 long sword!
You mangle Urug!!
You kill Urug!
Okawaru is honoured by your kill.
You have reached level 11!
Something hits you.
Deactivating autopickup; reactivate with Ctrl-A.
Something hits you.
Found a hand axe.
Found an escape hatch in the ceiling.
Items here: ! ( ) [ † a +6 long sword; 4 silver javelins; a +0 scale mail; 2 potions of degeneration the orc corpse of Urug
U - 4 silver javelins Something hits you!
You butcher the orc corpse of Urug.
Something hits you!
Items here: ! % ) [ ÷ a +6 long sword; a +0 scale mail; 2 potions of degeneration; a chunk of flesh the orc skeleton of Urug Something hits you.
Something hits you but does no damage.
Found a stone staircase leading up.
Something hits you. Something hits you. Something hits you but does no damage.
Something hits you. Something hits you but does no damage.
There is an open door here.
Something hits you.
Something is blocking the doorway!
Something hits you. Something hits you!
* * * LOW HITPOINT WARNING * * *
There is an open door, spattered with blood here.
Something hits you.
* * * LOW HITPOINT WARNING * * *
You feel much better. Something hits you.
Something hits you but does no damage.
You swing at nothing.
Something hits you but does no damage. Something hits you but does no damage.
There is an open door, spattered with blood here.
Something is blocking the doorway!
Something hits you.
You barely miss something. Something hits you.
You swing at nothing.
You completely miss something. Something hits you but does no damage.
Something hits you!
You barely miss something. Something hits you!
* * * LOW HITPOINT WARNING * * *
Something hits you but does no damage.
You miss something. Something hits you!
* * * LOW HITPOINT WARNING * * *
Something hits you.
* * * LOW HITPOINT WARNING * * *
You barely miss something. Something hits you.
* * * LOW HITPOINT WARNING * * *
You miss something. You claw something! Something hits you.
* * * LOW HITPOINT WARNING * * *
Something hits you.
* * * LOW HITPOINT WARNING * * *
Something hits you.
* * * LOW HITPOINT WARNING * * *
Something hits you.
* * * LOW HITPOINT WARNING * * *
There is an open door, spattered with blood here.
You feel much better. Something hits you!
* * * LOW HITPOINT WARNING * * *
Something hits you.
* * * LOW HITPOINT WARNING * * *
Something hits you.
* * * LOW HITPOINT WARNING * * *
Something hits you.
* * * LOW HITPOINT WARNING * * *
You scratch something. Something hits you.
* * * LOW HITPOINT WARNING * * *
Something hits you.
* * * LOW HITPOINT WARNING * * *
There is an open door, spattered with blood here.
Something hits you.
* * * LOW HITPOINT WARNING * * *
Really quaff
j - 3 potions of haste {@q4 !q}?
You feel yourself speed up. Something hits you.
* * * LOW HITPOINT WARNING * * *
You closely miss something. You claw something. Something hits you.
* * * LOW HITPOINT WARNING * * *
Something hits you but does no damage.
You claw something! Something hits you!
You die...

.##
#.[....####...###.#
..###..##........##
#.# #..##.##########'#
#.#
####...##........##
#.#
#.......####...###.#
##....8.##..##.8.#...
#>......))[..'...#...
##....8.##..##{8.#
<......
#.......####.@.##
.......
#...##........##
...)...
##.##########'#
.......
#..##........## .....
#......####...###...
##....##..##)...#.#
#.........)....).#
##...##..##..(...#
##...####...##.......#


There were no monsters in sight!

Vanquished Creatures
  A two-headed ogre (D:8)
  Urug (D:10)
  Pikel (D:6)
  A troll (D:6)
  Grinder (D:3)
  4 hippogriffs
  2 chaos spawn (D:8)
  Eustachio (D:5)
  Edmund (D:6)
  Duvessa (D:7)
  6 orc warriors
  A slave (D:6)
  A black bear (D:3)
  8 ice beasts
  A phantom (D:6)
  A necrophage (D:6)
  2 ogres (D:4)
  The ghost of P0WERM0DE the Skirmisher, an amateur FoFi (D:3)
  8 centaurs
  4 bullfrogs
  Dowan (D:7)
  2 scorpions
  7 killer bees
  A wight (D:10)
  A howler monkey (D:4)
  4 crimson imps
  2 bullfrog zombies
  A lava snake (D:10)
  3 jellies
  8 orc priests
  3 bullfrog skeletons
  2 hounds
  Jessica (D:3)
  A centaur skeleton (D:10)
  6 orc wizards
  4 worker ants
  A killer bee zombie (D:8)
  A hound zombie (D:7)
  A mummy (D:7)
  2 worker ant zombies
  Robin (D:2)
  4 gnolls (D:3)
  12 adders
  2 shadow imps (D:5)
  2 oozes
  3 adder zombies
  An adder skeleton (D:9)
  2 dart slugs (D:3)
  5 leopard geckos
  28 orcs
  2 giant cockroaches (D:2)
  15 goblins
  9 hobgoblins
  7 jackals
  8 kobolds
  4 quokkas
  2 ball pythons
  8 bats
  2 frilled lizards
  2 jackal skeletons (D:5)
  A jackal zombie (D:8)
  A leopard gecko zombie (D:6)
  8 rats
228 creatures vanquished.

Vanquished Creatures (others)
  A sky beast (D:10)
  An ogre (D:6)
2 creatures vanquished.

Grand Total: 230 creatures vanquished

Notes
Turn   | Place    | Note
-------+----------+-------------------------------------------
     0 | D:1      | MisterOstroum the Troll Fighter began the quest for the
                  | Orb.
     0 | D:1      | Reached XP level 1. HP: 22/22 MP: 0/0
   276 | D:1      | Reached XP level 2. HP: 29/29 MP: 1/1
   877 | D:2      | Reached skill level 1 in Throwing
   930 | D:2      | Reached XP level 3. HP: 36/36 MP: 2/2
   972 | D:2      | Noticed Robin
   987 | D:2      | Killed Robin
   990 | D:2      | Reached XP level 4. HP: 16/45 MP: 3/3
   992 | D:2      | Reached skill level 3 in Unarmed Combat
  1519 | D:3      | Noticed Jessica
  1524 | D:3      | Killed Jessica
  1590 | D:3      | Reached XP level 5. HP: 53/53 MP: 4/4
  2165 | D:3      | Noticed a black bear
  2171 | D:3      | Killed a black bear
  2171 | D:3      | Reached skill level 4 in Unarmed Combat
  2171 | D:3      | Reached XP level 6. HP: 57/62 MP: 5/5
  2259 | D:3      | Noticed Grinder
  2269 | D:3      | Paralysed by Grinder for 2 turns
  2276 | D:3      | Killed Grinder
  2334 | D:3      | Found a runed translucent door.
  2335 | D:3      | Noticed P0WERM0DE's ghost (amateur FoFi)
  2353 | D:3      | Reached XP level 7. HP: 65/70 MP: 6/6
  2373 | D:3      | Killed P0WERM0DE's ghost
  2437 | D:3      | Found a runed translucent door.
  2438 | D:3      | Noticed Crazy Yiuf
  2533 | D:4      | Reached skill level 5 in Unarmed Combat
  2754 | D:4      | Found a white marble altar of Elyvilon.
  3233 | D:5      | Entered Level 5 of the Dungeon
  3301 | D:5      | Reached skill level 5 in Fighting
  3314 | D:5      | Reached XP level 8. HP: 75/80 MP: 7/7
  3531 | D:5      | Found a shadowy altar of Dithmenos.
  3571 | D:5      | Noticed Eustachio
  3578 | D:5      | Killed Eustachio
  3682 | D:5      | Reached skill level 5 in Throwing
  3682 | D:5      | Reached skill level 6 in Unarmed Combat
  4014 | D:6      | Found an opulent altar of Gozag.
  4081 | D:6      | Noticed a troll
  4090 | D:6      | Killed a troll
  4112 | D:6      | Noticed Edmund
  4112 | D:6      | Noticed Pikel
  4248 | D:6      | Killed Edmund
  4288 | D:6      | Reached skill level 7 in Unarmed Combat
  4307 | D:6      | Reached XP level 9. HP: 84/89 MP: 8/8
  4524 | D:6      | Killed Pikel
  4707 | D:6      | Found a hazy altar of Hepliaklqana.
  4708 | D:6      | Found a blossoming altar of Fedhas.
  4729 | D:6      | Found an iron altar of Okawaru.
  4741 | D:6      | Reached skill level 8 in Unarmed Combat
  4926 | D:7      | Found Erivucw's Gadget Shoppe.
  4934 | D:7      | Bought a wand of disintegration (8) for 156 gold pieces
  4934 | D:7      | Bought a wand of iceblast (8) for 156 gold pieces
  4949 | D:7      | Found a snail-covered altar of Cheibriados.
  5132 | D:7      | Found a staircase to the Ecumenical Temple.
  5137 | D:7      | Noticed Duvessa
  5140 | Temple   | Entered the Ecumenical Temple
  5409 | D:7      | Killed Duvessa
  5412 | D:7      | Noticed Dowan
  5422 | D:7      | Killed Dowan
  5496 | D:7      | Reached XP level 10. HP: 97/102 MP: 9/9
  5522 | D:6      | Found a glowing silver altar of Zin.
  5526 | D:6      | Became a worshipper of Warmaster Okawaru
  5733 | D:7      | Found an ornate altar of the Wu Jian Council.
  5975 | D:7      | Found a snail-covered altar of Cheibriados.
  6216 | D:8      | Noticed a two-headed ogre
  6377 | D:8      | Found a shimmering altar of Xom.
  6380 | D:8      | Found the +7 mace of Variability {chain chaos}
  6426 | D:8      | Reached skill level 9 in Unarmed Combat
  6476 | D:8      | Reached * piety under Okawaru
  7059 | D:8      | Killed a two-headed ogre
  7682 | D:9      | Reached skill level 10 in Unarmed Combat
  7823 | D:10     | Entered Level 10 of the Dungeon
  7932 | D:10     | Reached ** piety under Okawaru
  8148 | D:10     | Found a staircase to the Orcish Mines.
  8212 | D:10     | Reached skill level 5 in Shields
  8237 | D:10     | Noticed Urug
  8251 | D:10     | Killed Urug
  8251 | D:10     | Reached XP level 11. HP: 66/111 MP: 10/10
  8287 | D:10     | Slain by an unseen horror

Levels and vault maps discovered:
D:1:      dpeg_arrival_concentric_ovals, layout_loops_corners,
          minmay_tetromino_i4
D:2:      layout_rooms, kennysheep_boxes, uniq_robin
D:3:      layout_loops_cross, ebering_ghost_reflecting_pool, eino_tiny_chamber,
          palyth_stone_intersect, uniq_grinder, uniq_crazy_yiuf_cottage,
          uniq_jessica
D:4:      layout_basic, kennysheep_mini, first_ration, serial_bayou_lagoon_a
D:5:      layout_loops_ring, nicolae_dithmenos_shadow_blocks,
          nrook_mini_backslash, grunt_decor_one_mirror, uniq_eustachio
D:6:      layout_rooms, nicolae_overflow_hidden_temple, grunt_gozag_breadcrumbs,
          minmay_misc_feat_alley, hangedman_minor_gate_pass, uniq_edmund,
          uniq_pikel
D:7:      layout_basic, lemuel_round_altar, slow_altar_2,
          minmay_temple_entry_statues_fountains, basic_altar, serial_shops,
          shop, uniq_duvessa
D:8:      layout_cave_pools, minmay_guarded_unrand_variability
D:9:      layout_basic
D:10:     layout_rooms, david_orc_1_choice, basic_altar, hangedman_fish_farm,
          kennysheep_potato, uniq_urug
Temple:   oiseaux_autumnal_temple

Skill      XL: |  1  2  3  4  5  6  7  8  9 10 |
---------------+-------------------------------+-----
Throwing       | 1 2 3 4 6 7 8 |  8.0
Fighting       | 3 4 5 6 7 8 |  8.2
Unarmed Combat | 3 4 5 7 8 10 | 10.0
Shields        | 5 |  5.5
Dodging        | |  2.4

Action                   |  1- 3 |  4- 6 |  7- 9 | 10-12 || total
-------------------------+-------+-------+-------+-------++-------
Melee: Unarmed           |    61 |   101 |   153 |   139 ||   454
       Punch             |       |     1 |     6 |     6 ||    13
Throw: Stone             |    49 |    96 |    78 |    92 ||   315
       Large rock        |     1 |    11 |    14 |       ||    26
       Dart              |       |     1 |    24 |       ||    25
       Boomerang         |       |       |    32 |    84 ||   116
Invok: Heroism           |       |       |       |     2 ||     2
  Use: Potion            |     1 |       |     1 |     3 ||     5
       Scroll            |       |     2 |       |    12 ||    14
 Stab: Sleeping          |       |       |     1 |       ||     1
  Eat: Chunk             |    12 |    15 |    29 |    24 ||    80
Armor: Robe              |    33 |    21 |    42 |    29 ||   125
Dodge: Dodged            |    56 |    44 |    76 |    63 ||   239

Table legend:
 A = Non-vault XP
 B = Vault XP
 C = Vault XP percentage of total XP
 D = Non-vault monster count
 E = Vault monster count
 F = Vault count percentage of total count
                 A         B        C        D         E       F
            +---------+---------+-------+---------+---------+-------
      Total |    7371 |    4107 |  35.8 |     183 |      45 |  19.7
            +---------+---------+-------+---------+---------+-------
        D:1 |      12 |       4 |  25.0 |       8 |       3 |  27.3
        D:2 |      82 |      39 |  32.2 |      19 |      13 |  40.6
        D:3 |     278 |     442 |  61.4 |      38 |       3 |   7.3
        D:4 |     364 |       0 |   0.0 |       9 |       0 |   0.0
        D:5 |     510 |     191 |  27.2 |      17 |       1 |   5.6
        D:6 |    1260 |    1236 |  49.5 |      17 |       8 |  32.0
        D:7 |    1322 |     241 |  15.4 |      22 |       3 |  12.0
        D:8 |    1993 |     359 |  15.3 |      26 |       2 |   7.1
        D:9 |     814 |       0 |   0.0 |      15 |       0 |   0.0
       D:10 |     736 |    1595 |  68.4 |      12 |      12 |  50.0
            +---------+---------+-------+---------+---------+-------
